 Dungeon Crawl Stone Soup version 0.31-a0-986-g5e6e4ef867 (webtiles) character file.

Game seed: 12471092493741815437

90 AppTheSpectato the Caller (level 4, -2/24 HPs)
             Began as a Deep Elf Summoner on Nov 15, 2023.
             Killed from afar by an orc wizard (6 damage)
             ... with a magic dart
             ... on level 4 of the Dungeon.
             The game lasted 00:09:38 (2226 turns).

AppTheSpectato the Caller (Deep Elf Summoner)       Turns: 2226, Time: 00:09:39

Health: -2/24      AC:  3    Str:  5    XL:     4   Next: 32%
Magic:  8/12       EV: 13    Int: 22    God:
Gold:   38         SH:  0    Dex: 15    Spells: 5/11 levels left

rFire   . . .        (no weapon)
rCold   . . .        (no shield)
rNeg    . . .        a - +0 robe
rPois   .            i - +0 helmet
rElec   .            (no cloak)
rCorr   .            (no gloves)
SInv    .            (no boots)
Will    .....        (no amulet)
Stlth   ++           (no ring)
HPRegen 0.24/turn    (no ring)
MPRegen 0.13/turn

%: no passive effects
@: no status effects
A: no striking features
a: no special abilities


You were on level 4 of the Dungeon.
You visited 1 branch of the dungeon, and saw 4 of its levels.

You collected 38 gold pieces.

Inventory:

Missiles
 n - 2 darts of dispersal
Armour
 a - a +0 robe (worn)
 i - a +0 helmet (worn)
Jewellery
 c - a ring of ice
Scrolls
 d - a scroll of enchant armour {unknown}
 e - 3 scrolls of enchant weapon {unknown}
 f - a scroll of vulnerability {unknown}
 h - 2 scrolls of amnesia {unknown}
 k - a scroll of torment {unknown}
 o - a scroll of identify {unknown}
 r - a scroll of butterflies {unknown}
Potions
 b - 2 potions of magic
 g - a potion of mutation {unknown}
 j - a potion of attraction {unknown}
 l - 3 potions of heal wounds {unknown}
 m - 3 potions of curing {unknown}
 p - a potion of brilliance {unknown}
 q - a potion of degeneration {unknown}


   Skills:
 - Level 3.0 Dodging
 - Level 3.0 Stealth
 + Level 4.4 Spellcasting
 + Level 5.2 Summonings
 + Level 0.7 Translocations


You had 5 spell levels left.
You knew the following spells:

 Your Spells              Type           Power      Damage    Failure   Level
a - Summon Small Mammal   Summ           100%       N/A       1%          1
b - Call Canine Familiar  Summ           27%        N/A       3%          3
c - Call Imp              Summ           54%        N/A       1%          2

Your spell library contained the following spells:

 Spells                   Type           Power      Damage    Failure   Level
 Sandblast                Erth           8%         2d5       11%         1
 Slow                     Hex            16%        N/A       11%         1
 Sting                    Tmut/Pois      16%        1d3       11%         1
 Summon Guardian Golem    Hex/Summ       16%        N/A       11%         3
 Poisonous Vapours        Pois/Air       8%         N/A       16%         2
 Confusing Touch          Hex            4%         N/A       32%         3
 Ignite Poison            Fire/Tmut/Pois 4%         N/A       32%         3
 Mephitic Cloud           Conj/Pois/Air  4%         N/A       32%         3
 Sigil of Binding         Hex            4%         N/A       32%         3
 Vampiric Draining        Necr           4%         2d6       32%         3
 Summon Lightning Spire   Summ/Air       16%        N/A       36%         4
 Manifold Assault         Tloc           8%         N/A       61%         4
 Leda's Liquefaction      Hex/Erth       2%         N/A       71%         4
 Olgreb's Toxic Radiance  Pois           4%         N/A       71%         4
 Petrify                  Tmut/Erth      4%         N/A       71%         4
 Freezing Cloud           Conj/Ice/Air   2%         6-21      96%         5
 Dispersal                Tloc           4%         N/A       100%        6
 Disjunction              Tloc           4%         N/A       100%        8


Dungeon Overview and Level Annotations

Branches:
Dungeon (4/15)             Temple (0/1) D:4

Altars:
Gozag
The Shining One


Message History

Your cerulean imp disappears in a puff of smoke!
A tiny devil pulls itself out of the air.
You swap places.
Your bat hits something but does no damage.
You hear some strange, mumbled words.
You are confused.
Okay, then.
Okay, then.
Something hits you but does no damage.
Your bat barely misses something.
Your bat closely misses something.
Something hits you.
Your bat hits something but does no damage.
Something barely misses you. Something hits you.
You feel less confused.
Your bat hits something but does no damage.
Something barely misses you. Something hits you but does no damage.
Your bat misses something. Something hits you.
Your bat barely misses something.
You hear some strange, mumbled words.
A magic dart appears from out of thin air!
The magic dart hits you!
* * * LOW HITPOINT WARNING * * *
Your bat barely misses something.
Something hits your cerulean imp.
Your bat hits something but does no damage.
Something hits your cerulean imp.
Your bat closely misses something.
Your bat hits something but does no damage.
Something hits your cerulean imp.
Your bat barely misses something.
Your bat hits something but does no damage. x2
Your bat hits something but does no damage.
Something hits you.
* * * LOW HITPOINT WARNING * * *
Your bat misses something. You miss something.
Your bat closely misses something.
Your bat hits something but does no damage.
You hear some strange, mumbled words.
A magic dart appears from out of thin air!
The magic dart hits you.
You die...

#.# . #.# #.8.
###.# ..... #...#
8.>.8 #.###
.....#####.#
#.8.#...##.##
....#.#.....#######
..............#{@8#
....#.........b5r_#
....>.........#..8#
....###....#.######
.....[<....#.#
....##.......# ..
##.###### #...
...##


You could see a friendly cerulean imp (summoned), a friendly quokka (summoned)
and a friendly bat (summoned).

Vanquished Creatures (collateral kills)
  3 adders
  A worm (D:2)
  2 dart slugs (D:3)
  An orc (D:4)
  4 bats
  5 endoplasms
  4 giant cockroaches (D:2)
  4 goblins
  10 hobgoblins
  2 quokkas
  4 ball pythons
  3 frilled lizards
  4 kobolds
  3 rats
50 creatures vanquished.

Notes
Turn   | Place    | Note
-------+----------+-------------------------------------------
     0 | D:1      | AppTheSpectato the Deep Elf Summoner began the quest for
                  | the Orb.
     0 | D:1      | Reached XP level 1. HP: 10/10 MP: 6/6
   268 | D:1      | Reached XP level 2. HP: 15/15 MP: 5/8
   328 | D:1      | Found a faded altar of an unknown god.
   694 | D:2      | Identified the of Oppuh
   876 | D:2      | Reached XP level 3. HP: 19/19 MP: 7/10
   888 | D:2      | Learned a level 3 spell: Call Canine Familiar
  1157 | D:2      | Reached skill level 5 in Summonings
  1568 | D:3      | Learned a level 2 spell: Call Imp
  1621 | D:3      | Found a glowing golden altar of the Shining One.
  1641 | D:3      | Reached XP level 4. HP: 24/24 MP: 10/12
  2091 | D:4      | Found a staircase to the Ecumenical Temple.
  2093 | D:4      | Found an opulent altar of Gozag.
  2226 | D:4      | Killed from afar by an orc wizard

Illustrated notes

Levels and vault maps discovered:
D:1:      psy_arrival_terrarium, layout_rooms, ebering_ecumenical_altar_mist,
          minmay_misc_feat_more_columns
D:2:      layout_basic, minmay_misc_feat_pillars
D:3:      minmay_spotlight, layout_rooms, tso_oasis_becter
D:4:      layout_basic, grunt_gozag_breadcrumbs,
          minmay_temple_entry_statues_pillars, nicolae_twisty_statue_hallways

Skill      XL: |  1  2  3 |
---------------+----------+-----
Dodging        | 3 |  3.0
Stealth        | 3 |  3.0
Spellcasting   | 4 |  4.4
Summonings     | 5 |  5.2
Translocations | |  0.7

Action                     |  1- 3 |  4- 6 || total
---------------------------+-------+-------++-------
  Melee: Unarmed           |    13 |     8 ||    21
   Cast: Summon Small Mamm |    56 |    11 ||    67
         Call Imp          |     1 |    13 ||    14
         Call Canine Famil |     1 |       ||     1
   Stab: Distracted        |     1 |       ||     1
         Sleeping          |       |     1 ||     1
 Armour: Robe              |    14 |    23 ||    37
  Dodge: Dodged            |    35 |    10 ||    45

Table legend: (Time is in decaauts)
 A = Elapsed time spent in this place.
 B = Non-inter-level travel time spent in this place.
 C = Inter-level travel time spent in this place.
 D = Time resting spent in this place.
 E = Time spent auto-exploring this place.
 F = Levels seen in this place.
 G = Mean time per level.
                   A        B        C        D        E       F      G
               +--------+--------+--------+--------+--------+-----+--------+
         Total |   2225 |   2138 |     87 |     16 |   1443 |   4 |  556.2 |
       Dungeon |   2225 |   2138 |     87 |     16 |   1443 |   4 |  556.2 |
               +--------+--------+--------+--------+--------+-----+--------+

Top non-repeatable levels by time:
     D:2: 825 daAuts
     D:1: 694 daAuts
     D:3: 563 daAuts
     D:4: 141 daAuts
